 Dungeon Crawl Stone Soup version 0.24-a0-762-gca426f56c8 (webtiles) character file.

Game seed: 6137735574967822252, levelgen mode: deterministic

290 Kairok the Sneak (level 6, -4/32 HPs)
             Began as a Vine Stalker Assassin on Oct 3, 2019.
             Slain by an ogre
             ... wielding a +0 giant club
              (17 damage)
             ... on level 4 of the Dungeon.
             The game lasted 00:05:12 (3529 turns).

Kairok the Sneak (Vine Stalker Assassin)            Turns: 3529, Time: 00:05:14

Health: -4/32      AC:  6    Str: 14    XL:     6   Next: 32%
Magic:  0/7        EV:  5    Int: 11    God:
Gold:   178        SH:  4    Dex: 17    Spells: 5/5 levels left

rFire    + . .     SeeInvis .   a - +2 dagger
rCold    . . .     Gourm    .   g - +0 buckler
rNeg     . . .     Faith    .   s - +0 chain mail {rF+}
rPois    .         Spirit   +   (helmet restricted)
rElec    .         Reflect  .   c - +1 cloak
rCorr    .         Harm     .   (no gloves)
MR       .....                  (no boots)
Stlth    ..........             r - amulet of magic regeneration
HPRegen  0.50/turn              (no ring)
MPRegen  0.35/turn              (no ring)

@: drained
A: fangs 2, horns 1, blurry vision 1, deformed body, regeneration 1, magic
shield, antimagic bite, no potion heal 3, rot immunity
a: no special abilities


You were on level 4 of the Dungeon.
You were not hungry.

You visited 1 branch of the dungeon, and saw 4 of its levels.

You collected 178 gold pieces.

Inventory:

Hand Weapons
 a - a +2 dagger (weapon)
Missiles
 d - 13 poisoned darts (quivered)
 e - 2 curare-tipped darts
Armour
 c - a +1 cloak (worn)
 g - a +0 buckler (worn)
 s - a +0 chain mail of fire resistance (worn)
Jewellery
 o - an uncursed amulet of faith
 q - an uncursed amulet of harm
 r - an amulet of magic regeneration (around neck)
 t - an uncursed ring of protection from magic {unknown}
Wands
 n - a wand of flame (17)
Scrolls
 b - a scroll of remove curse
 l - 5 scrolls of identify
 m - 2 scrolls of amnesia
 p - 3 scrolls of teleportation
Potions
 h - 2 potions of curing
 i - a potion of berserk rage
 j - a potion of brilliance {unknown}
 k - 2 potions of flight
Comestibles
 f - 9 rations


   Skills:
 + Level 2.4(1.6) Fighting
 + Level 3.2(2.3) Short Blades
 + Level 2.4(1.6) Throwing
 + Level 1.2(0.4) Armour
 + Level 1.6(0.8) Dodging
 + Level 6.8(5.8) Stealth


You had 5 spell levels left.
You didn't know any spells.
Your spell library contained the following spells:

 Spells                   Type           Power        Failure   Level  Hunger
 Summon Small Mammal      Summ           #...         100%        1    ##.....
 Call Imp                 Summ           #.......     100%        2    ###....
 Call Canine Familiar     Summ           #.......     100%        3    ####...
 Summon Guardian Golem    Hex/Summ       #.......     100%        3    ####...
 Summon Ice Beast         Ice/Summ       #.......     100%        4    #####..
 Summon Lightning Spire   Summ/Air       #.......     100%        4    #####..


Dungeon Overview and Level Annotations

Branches:
Dungeon (4/15)
 Temple: D:4-7

Altars:
Elyvilon
The Shining One

Shops:
D:4 (


Innate Abilities, Weirdness & Mutations

You have extremely sharp teeth.
Your natural rate of healing is unusually fast.
When hurt, damage is shared between your health and your magic reserves.
Your bite disrupts and absorbs the magic of your enemies.
Potions cannot restore your health.
You are immune to rotting.
You have a pair of small horns on your head.
Scrolls take you a little longer to read.
Armour fits poorly on your strangely shaped body.


Message History

Throwing (i - inventory. (/) - cycle)
d - 14 poisoned darts (quivered)
Press: ? - help, Shift-Dir - straight line, f/p - ogre
Aim: an ogre, wielding a +0 giant club (lightly wounded)
You throw a poisoned dart. The poisoned dart hits the ogre.
The ogre is poisoned.
The ogre is lightly wounded.
Items here: )) [ † a +0 whip; a +0 flail; a +0 chain mail; an orc corpse The ogre looks more healthy.
A howler monkey comes into view.
The howler monkey howls!
The ogre hits you with a +0 giant club!!
Ouch! That really hurt!
You barely miss the ogre. You bite the ogre. You drain its power.
You feel invigorated.
The ogre is heavily wounded.
The howler monkey hits you.
The ogre hits you with a +0 giant club!!
Ouch! That really hurt!
You die...

#######..#####.#
#..# #.# #..#
#.# #..# #.#
#..# #.#### ....
#.#... .###
#.....
#########..#
###.8#
#>...O@h...#
###..#
#.#######......
##.8.∩. #.#
##### #.....#
#.# #.##.8# #.#
#.##..# #.#
.#### #.#####
#)# ....# #.#
#)# ... #.# #
#.# ... #.#


You could see an ogre and a howler monkey.

Vanquished Creatures
  A hound (D:4)
  2 orc priests (D:4)
  An iguana (D:4)
  2 worker ants
  2 adders
  A gnoll (D:1)
  3 worms (D:3)
  4 dart slugs
  2 orcs (D:4)
  7 bats
  6 giant cockroaches
  10 goblins
  8 hobgoblins
  6 jackals
  3 quokkas
  6 frilled lizards
  8 kobolds
  13 rats
85 creatures vanquished.

Notes
Turn   | Place    | Note
-------+----------+-------------------------------------------
     0 | D:1      | Kairok the Vine Stalker Assassin began the quest for the
                  | Orb.
     0 | D:1      | Reached XP level 1. HP: 11/11 MP: 2/2
    36 | D:1      | Reached skill level 5 in Stealth
   402 | D:1      | Reached XP level 2. HP: 12/15 MP: 3/3
   875 | D:1      | Reached XP level 3. HP: 17/18 MP: 4/4
   959 | D:1      | Reached skill level 6 in Stealth
  1220 | D:1      | Gained mutation: Armour fits poorly on your strangely
                  | shaped body. [potion of mutation]
  1220 | D:1      | Gained mutation: Scrolls take you a little longer to read.
                  | [potion of mutation]
  1220 | D:1      | Gained mutation: You have a pair of small horns on your
                  | head. [potion of mutation]
  1237 | D:2      | Reached skill level 1 in Dodging
  1458 | D:2      | Gained mutation: Your natural rate of healing is unusually
                  | fast. [Vine Stalker growth]
  1458 | D:2      | Reached XP level 4. HP: 23/23 MP: 5/5
  2417 | D:3      | Reached XP level 5. HP: 19/26 MP: 6/6
  2698 | D:3      | Found a white marble altar of Elyvilon.
  2947 | D:3      | Found a glowing golden altar of the Shining One.
  3364 | D:4      | Found Wahuumn's Antique Weapon Emporium.
  3398 | D:4      | Reached XP level 6. HP: 24/31 MP: 7/7
  3446 | D:4      | Reached skill level 1 in Armour
  3529 | D:4      | Slain by an ogre

Levels and vault maps discovered:
D:1:      lordsloth_arrival_two_stooges, layout_basic
D:2:      wad_crossroads, layout_basic, first_ration
D:3:      layout_loops_corners, lemuel_doored_altar, elyvilon_altar_5
D:4:      layout_loops_ring, serial_shops, shop, nicolae_shop_trees,
          nicolae_shop_statue_plus, shop_fountains, minmay_small_thing,
          uniq_menkaure, uniq_sigmund

Skill      XL: |  1  2  3  4  5  6 |
---------------+-------------------+-----
Stealth        | 5 6 |  6.8
Short Blades   | 2 3 |  3.2
Fighting       | 2 |  2.4
Dodging        | 1 |  1.6
Throwing       | 2 |  2.4
Armour         | 1 |  1.2

Action                   |  1- 3 |  4- 6 || total
-------------------------+-------+-------++-------
Melee: Dagger            |    70 |   145 ||   215
       Bite              |    13 |    46 ||    59
       Headbutt          |     6 |    34 ||    40
Throw: Dart              |    10 |    12 ||    22
  Use: Scroll            |     5 |     3 ||     8
       Potion            |     1 |       ||     1
 Stab: Sleeping          |     9 |       ||     9
  Eat: Chunk             |     2 |     6 ||     8
Armor: Robe              |    22 |       ||    22
       Chain mail        |     7 |    56 ||    63
Dodge: Dodged            |    37 |    32 ||    69
Block: Buckler           |       |     6 ||     6

Table legend:
 A = Non-vault XP
 B = Vault XP
 C = Vault XP percentage of total XP
 D = Non-vault monster count
 E = Vault monster count
 F = Vault count percentage of total count
                 A         B        C        D         E       F
            +---------+---------+-------+---------+---------+-------
      Total |     408 |       7 |   1.7 |      81 |       4 |   4.7
            +---------+---------+-------+---------+---------+-------
        D:1 |      65 |       0 |   0.0 |      29 |       0 |   0.0
        D:2 |      88 |       7 |   7.4 |      26 |       4 |  13.3
        D:3 |      40 |       0 |   0.0 |      18 |       0 |   0.0
        D:4 |     215 |       0 |   0.0 |       8 |       0 |   0.0
            +---------+---------+-------+---------+---------+-------
